 Dungeon Crawl Stone Soup version 0.27.1 (webtiles) character file.

Game seed: 13158934451127430905

26 Malachi the Skirmisher (level 3, 35/35 HPs)
             Began as a Gnoll Wanderer on Aug 26, 2021.
             Was a Follower of Wu Jian.
             Got out of the dungeon alive.
             The game lasted 00:01:01 (1256 turns).

Malachi the Skirmisher (Gnoll Wanderer)             Turns: 1256, Time: 00:01:01

Health: 35/35      AC:  2    Str: 13    XL:     3   Next: 8%
Magic:  7/7        EV: 12    Int: 10    God:    Wu Jian [*.....]
Gold:   32         SH:  0    Dex: 11    Spells: 6/7 levels left

rFire    . . .     SeeInvis .   a - +0 spear
rCold    . . .     Faith    .   (no shield)
rNeg     . . .     Spirit   .   c - +0 robe
rPois    .         Reflect  .   (no helmet)
rElec    .         Harm     .   (no cloak)
rCorr    .         Rampage  .   (no gloves)
Will     .....                  (no boots)
Stlth    ++........             (no amulet)
HPRegen  0.11/turn              (no ring)
MPRegen  0.10/turn              (no ring)

@: no status effects
A: fangs 1, strong nose, distributed training
a: Renounce Religion


You escaped.
You worshipped Wu Jian.
Wu Jian was aware of your devotion.
You visited 1 branch of the dungeon, and saw 1 of its levels.

You collected 32 gold pieces.

Inventory:

Hand Weapons
 a - a +0 spear (weapon)
Armour
 c - a +0 robe (worn)
Scrolls
 b - a scroll of teleportation
 d - 2 scrolls of identify {unknown}
 e - a scroll of vulnerability {unknown}


   Skills:
 + Level 6.5 Fighting
 + Level 0.6 Short Blades
 + Level 0.6 Long Blades
 + Level 0.6 Axes
 + Level 0.6 Maces & Flails
 + Level 0.6 Polearms
 + Level 0.6 Staves
 + Level 0.6 Slings
 + Level 0.6 Bows
 + Level 0.6 Crossbows
 + Level 0.6 Throwing
 + Level 0.6 Armour
 + Level 2.5 Dodging
 + Level 2.3 Stealth
 + Level 2.5 Shields
 + Level 0.6 Unarmed Combat
 + Level 2.8 Spellcasting
 + Level 0.4 Conjurations
 + Level 0.4 Hexes
 + Level 0.4 Summonings
 + Level 0.4 Necromancy
 + Level 0.4 Translocations
 + Level 0.4 Transmutations
 + Level 3.7 Fire Magic
 + Level 0.4 Ice Magic
 + Level 0.4 Air Magic
 + Level 0.4 Earth Magic
 + Level 0.4 Poison Magic
 + Level 0.8 Invocations
 + Level 2.5 Evocations


You had 6 spell levels left.
You knew the following spells:

 Your Spells              Type           Power      Damage    Failure   Level
a - Magic Dart            Conj           8%         1d3       24%         1

Your spell library contained the following spells:

 Spells                   Type           Power      Damage    Failure   Level
 Blink                    Tloc           N/A        N/A       34%         2
 Call Imp                 Summ           2%         N/A       34%         2
 Slow                     Hex            2%         N/A       34%         2
 Static Discharge         Conj/Air       2%         N/A       34%         2
 Conjure Flame            Conj/Fire      5%         6-21      36%         3
 Ignite Poison            Fire/Tmut/Pois 4%         N/A       41%         3
 Mephitic Cloud           Conj/Pois/Air  2%         N/A       56%         3
 Bolt of Magma            Conj/Fire/Erth 2%         4d4       99%         5
 Lightning Bolt           Conj/Air       1%         1d12      100%        5
 Maxwell's Capacitive Co  Air            1%         ∞         100%        8


Dungeon Overview and Level Annotations

Branches:
Dungeon (1/15)

Altars:
Wu Jian


Innate Abilities, Weirdness & Mutations

You have very sharp teeth.
Your uncanny sense of smell can sniff out nearby items.
Your experience applies equally to all skills.


Message History

The Council accepts your kill.
You hit the endoplasm.
The endoplasm is almost dead.
The endoplasm hits you.
You hit the endoplasm but do no damage.
You bite the endoplasm, but do no damage.
The endoplasm is almost dead.
The endoplasm hits you but does no damage.
You hit the endoplasm.
You kill the endoplasm!
The Council accepts your kill.
No target in view!
No target in view!
No target in view!
No target in view!
No target in view!
No target in view!
No target in view!
No target in view!
Found a book of Lightning.
Things that are here:
a +0 short sword; 4 stones You pick up a book of Lightning and begin reading...
You add the spells Static Discharge, Lightning Bolt and Maxwell's Capacitive Coupling to your library.
Done exploring.
Done exploring.
No target in view!
Done exploring.
Done exploring.
Things that are here:
a +0 short sword; 4 stones
Things that are here:
a +0 dagger; a kobold corpse You see here a quokka corpse.
There is an open door here.
There is a stone staircase leading down here.
There is an open door here.
There is a staircase leading out of the dungeon here.
Are you sure you want to leave the Dungeon?
This will make you lose the game!
You have escaped!

.# ###...#...######.###.#
.####...#................#
###...#.#.#.#.#####...####
÷##..##.#.#.##.###.#..##
÷.##.##.#...###.#.###..#
#....##.#..## ##.## ##.#
##.####.#.#.###.#.###.##
.#.# #.#.##.#.#.#.#.##
.######.#.###.#.@.#.##
†##.......##.#.#.#.#.##
##...##.#.#.###.#.###.##
#.#.##.#..## ##.## ##.#
#.#.##.#...###.#.####.#
#.#.##.###..#.###.##..#
##)#..#.# ##..## ##.#.##
#.....#.# #### #...#
#..##.#.# ###.#


There were no monsters in sight!

Vanquished Creatures
  A dart slug (D:1)
  A ball python (D:1)
  A bat (D:1)
  8 endoplasms (D:1)
  A hobgoblin (D:1)
  4 kobolds (D:1)
  A quokka (D:1)
  2 frilled lizards (D:1)
  2 rats (D:1)
21 creatures vanquished.

Vanquished Creatures (others)
  A fungus (D:1)
1 creature vanquished.

Grand Total: 22 creatures vanquished

Notes
Turn   | Place    | Note
-------+----------+-------------------------------------------
     0 | D:1      | Malachi the Gnoll Wanderer began the quest for the Orb.
     0 | D:1      | Malachi set off with the following items: a +0 spear, a
                  | scroll of teleportation, a +0 robe; and the following spell
                  | memorised: Magic Dart; and the following spells available
                  | to memorise: Conjure Flame, Blink, Call Imp, Slow, Mephitic
                  | Cloud
     0 | D:1      | Reached XP level 1. HP: 23/23 MP: 4/4
   166 | D:1      | Found a faded altar of an unknown god.
   189 | D:1      | Reached XP level 2. HP: 18/29 MP: 5/5
   190 | D:1      | Became a worshipper of the Wu Jian Council
   190 | D:1      | Reached * piety under Wu Jian
  1094 | D:1      | Reached XP level 3. HP: 35/35 MP: 7/7
  1256 | D:$      | Got out of the dungeon alive.

Illustrated notes

Levels and vault maps discovered:
D:1:      minmay_arrival_diagonal_passages, layout_basic,
          dreamdust_ecumenical_altar_grove,
          wander_ebering_terrifying_dragon_lair

Action                   || total
-------------------------++-------
Melee: Spear             ||    61
       Bite              ||     4
 Cast: Magic Dart        ||     5
 Stab: Sleeping          ||     5
Armor: Robe              ||     8
Dodge: Dodged            ||    37
